cohdb
Replays
Latest Replays
All Replays
Popular Replays
Top Player Replays
Match Explorer
How It Works
Community
CoH3 Stats
Reddit
Sign in to upload your games and track your stats! →
Sign in with Steam
Match 25395277
Unlisted
Match 25395277
Overview
Messages
Build Orders
End
Construct Infanterie Kompanie
MG 42 Machine Gun Team
Selects Italian Coastal Battlegroup
Grenadier Squad
GrW 34 Mortar Team
Pioneer Squad
Construct Panzergrenadier Kompanie
Selects Support Bunkers
Panzergrenadier Squad
MG 42 Bunker
Selects Coastal Reserves
Selects Artillery Officer
Pak 40 Anti-tank Gun Team
MG 42 Bunker
Scuzzle
Jengaleng
Doubletap
今天拖了丽芙后腿
Spartans Attack
Voltage
TidaL
台独狗儿子死全家
0
0
Comments
sign in to comment!
No comments posted yet!